 Dungeon Crawl Stone Soup version 0.29.1-1-gd02db6906a (webtiles) character file.

Game seed: 13980795477150602996

14413 SSird the Severer (level 12, -12/90 (91) HPs)
             Began as a Formicid Fighter on Sept 29, 2022.
             Was an Elder of Nemelex Xobeh.
             Mangled by an orc knight
             ... wielding a +0 battleaxe
              (14 damage)
             ... on level 2 of the Orcish Mines.
             The game lasted 00:32:04 (13741 turns).

SSird the Severer (Formicid Fighter)               Turns: 13741, Time: 00:32:05

HP:   -12/90 (91)   AC: 16    Str: 30    XL:     12   Next: 44%
MP:   13/15         EV: 12    Int:  9    God:    Nemelex Xobeh [****..]
Gold: 627           SH:  5    Dex: 12    Spells: 11/11 levels left

rFire   + . .      SeeInvis +   c - +4 battleaxe (protect)
rCold   . . .      Faith    .   s - +0 buckler
rNeg    . . .      Spirit   .   r - +0 scale mail
rPois   +          Reflect  .   (helmet unavailable)
rElec   .          Harm     .   h - +0 cloak
rCorr   .          Rampage  .   (no gloves)
Will    +....                   (no boots)
Stlth   ..........              F - amulet of the acrobat
HPRegen 0.25/turn               A - +4 ring of slaying
MPRegen 0.14/turn               M - ring of Orheiled {rPois rF+ Int+2 Stlth-}

@: under a protective aura, lightly drained
A: permanent stasis, dig shafts and tunnels, antennae 3, four strong arms,
strong 1, wild magic 1
a: Dig, Shaft Self, Renounce Religion, Draw Escape, Draw Destruction, Draw
Summoning, Triple Draw, Deal Four


You were on level 2 of the Orcish Mines.
You worshipped Nemelex Xobeh.
Nemelex Xobeh was greatly pleased with you.
You visited 3 branches of the dungeon, and saw 12 of its levels.
You also visited: Sewer.

You collected 1142 gold pieces.
You spent 515 gold pieces at shops.

Inventory:

Hand Weapons
 a - a +7 battleaxe of electrocution
 b - the +8 shortbow of the Stopping Hawk {vorpal, rElec Will+ Str+6}
   (You found it on level 8 of the Dungeon)

   Any ammunition fired from it inflicts extra damage upon your enemies.
   Str:       It affects your strength (+6).
   rElec:     It insulates you from electricity.
   Will:      It increases your willpower.
 c - a +4 battleaxe of protection (weapon)
 q - a +0 long sword of flaming
Missiles
 t - 2 atropa-tipped darts
Armour
 h - a +0 cloak (worn)
 r - a +0 scale mail (worn)
 s - a +0 buckler (worn)
Jewellery
 z - a +6 ring of dexterity
 A - a +4 ring of slaying (left hand)
 D - a ring of fire
 F - an amulet of the acrobat (around neck)
 I - a +6 ring of dexterity
 K - a +4 ring of protection
 M - the ring of Orheiled (right hand) {rPois rF+ Int+2 Stlth-}
   (You bought it in a shop on level 8 of the Dungeon)

   [ring of poison resistance]

   Int:       It affects your intelligence (+2).
   rF:        It protects you from fire.
   rPois:     It protects you from poison.
   Stlth:     It makes you less stealthy.
Wands
 B - a wand of polymorph (11)
 H - a wand of mindburst (23)
 L - a wand of charming (24)
Scrolls
 e - a scroll of amnesia
 g - 3 scrolls of brand weapon
 j - a scroll of summoning
 l - 4 scrolls of identify
 n - 2 scrolls of poison
 o - a scroll of enchant armour
 v - 3 scrolls of butterflies
 w - 2 scrolls of enchant weapon
 y - 2 scrolls of immolation
 C - a scroll of noise {unknown}
 E - 2 scrolls of fear
 J - a scroll of magic mapping
Potions
 d - 4 potions of might
 f - a potion of curing
 i - a potion of magic
 k - a potion of flight {unknown}
 m - 2 potions of ambrosia
 p - 2 potions of lignification
 u - 4 potions of mutation
 x - a potion of brilliance
 G - a potion of resistance


   Skills:
 + Level 7.6 Fighting
 + Level 15.2 Axes
 + Level 7.6 Armour
 + Level 6.0 Dodging
 - Level 1.0 Stealth
 - Level 4.0 Shields
 - Level 5.0 Invocations


You had 11 spell levels left.
You didn't know any spells.
Your spell library contained the following spells:

 Spells                   Type           Power      Damage    Failure   Level
 Magic Dart               Conj           0%         1d3       75%         1
 Call Imp                 Summ           0%         N/A       87%         2
 Ensorcelled Hibernation  Hex/Ice        0%         N/A       87%         2
 Passwall                 Tmut/Erth      0%         N/A       87%         2
 Sublimation of Blood     Necr           0%         N/A       87%         2
 Wereblood                Tmut           0%         N/A       87%         2
 Mephitic Cloud           Conj/Pois/Air  0%         N/A       98%         3
 Ozocubu's Armour         Ice            0%         N/A       98%         3
 Fulminant Prism          Conj/Hex       0%         3d6       100%        4
 Iskenderun's Mystic Bla  Conj/Tloc      0%         2d3       100%        4
 Lee's Rapid Deconstruct  Erth           0%         3d5*      100%        5
 Manifold Assault         Tloc           0%         N/A       100%        5
 Ozocubu's Refrigeration  Ice            0%         4d7       100%        7
 Storm Form               Tmut/Air       0%         N/A       100%        7
 Summon Hydra             Summ           0%         N/A       100%        7
 Blink                    Tloc           Unusable   N/A       N/A         2
 Swiftness                Air            Unusable   N/A       N/A         3

Dungeon Overview and Level Annotations

Branches:
Dungeon (9/15)             Temple (0/1) D:7            Lair (1/5) D:8
    Orc (2/2) D:9             Elf (0/3) Orc:2         Sewer (visited)

Altars:
Ashenzari
Hepliaklqana
Nemelex Xobeh
Qazlal
Vehumet

Shops:
D:7 (   D:8 =   Orc:2 (*


Innate Abilities, Weirdness & Mutations

You cannot be hasted, slowed, berserked, paralysed or teleported.
You can dig through walls and to a lower floor.
You have a pair of large antennae on your head. (SInv)
Your four strong arms can wield two-handed weapons with a shield.
Your muscles are strong. (Str +4, Int/Dex -1)
Your spells are a little harder to cast, but a little more powerful.


Message History

The orc knight is almost dead.
You barely miss the orc. The orc closely misses you.
The orc knight hits you with a +0 battleaxe!!
You hit the orc knight.
The orc knight is almost dead.
You slice the orc!!
You kill the orc!
You block the orc knight's attack.
The orc suddenly complains, as Orcs often do.
You barely miss the orc knight.
The orc knight is almost dead.
You closely miss the orc warrior.
The orc warrior hits you with a +0 flail.
The orc knight hits you with a +0 battleaxe!
* * * LOW HITPOINT WARNING * * *
Unknown command.
You hit the orc knight.
The orc knight is almost dead.
You closely miss the orc warrior.
The orc warrior hits you with a +0 flail!!
* * * LOW HITPOINT WARNING * * *
The orc knight barely misses you.
Unknown command.
You draw... (choose one card, ? for their descriptions) a - Degeneration b - Degeneration
c - the Storm You have drawn the Storm.
A mighty gale blasts forth from the card!
The orc and the orc warrior are blown away by the wind.
The electrical discharge engulfs the orc!!
You kill the orc!
The electrical discharge engulfs the orc warrior!
The orc warrior is heavily wounded.
You hear violent peals of thunder!
You can no longer stack cards.
You hear a shout! x17
The orc knight hits you with a +0 battleaxe!
You die...
Your body glows with a rainbow of weird colours and disappears.

##.{.#.....#. ##.#.##.#.....
#....#........ ##### ###
###............
##.#.###.###.#............
#.....#...#....)..........
#.....##.##o..............
##.......o)...............
####.#..@#.#...#.........
###).###.....#........
#...##............... ###
##..##.......#........
##.###...##................
###...##.....................
##.##...##..................#.
#...#.........................
#..........................<..


You could see an orc knight and an orc warrior (strong).

Vanquished Creatures
  An orb spider (D:8)
  2 orc knights
  An orc sorcerer (Orc:2)
  A manticore (D:8)
  4 elephants (Lair:1)
  A black mamba (Lair:1)
  A rime drake (Lair:1)
  A cane toad (Lair:1)
  3 komodo dragons (Lair:1)
  The ghost of Lremus the Cleaver, an amateur HOFi of Ashenzari (D:5)
  A hornet (Lair:1)
  Sigmund (D:5)
  5 shadows (D:9)
  9 yaks (D:8)
  6 wargs
  An acid dragon (D:8)
  Menkaure (D:5)
  3 water moccasins (Lair:1)
  Pargi (Sewer)
  10 orc warriors
  2 black bears
  2 ice beasts (D:7)
  3 ogres
  A centaur (D:9)
  2 kobold brigands
  6 bullfrogs
  A necrophage (D:5)
  10 wights
  2 troll zombies (D:9)
  A water moccasin skeleton (D:5)
  14 killer bees
  3 howler monkeys
  A hound (D:4)
  5 orc priests
  4 iguanas
  A gnoll bouda (D:6)
  5 orc wizards
  6 ogre zombies (D:9)
  3 gnolls (D:6)
  6 adders
  2 shadow imps
  A white imp (D:7)
  An ufetubus (D:4)
  A worm (D:3)
  4 dart slugs
  40 orcs
  11 ball pythons
  3 endoplasms
  6 giant cockroaches
  6 goblins
  3 hobgoblins
  8 jackals
  2 quokkas (D:5)
  2 bats (D:3)
  6 frilled lizards (Sewer)
  2 goblin skeletons (D:9)
  A goblin zombie (D:9)
  A hobgoblin skeleton (D:9)
  4 hobgoblin zombies (D:9)
  11 kobolds
  2 orc skeletons (D:9)
  15 orc zombies (D:9)
  A rat (D:1)
265 creatures vanquished.

Vanquished Creatures (collateral kills)
  A cane toad (Lair:1)
  3 yaks (D:8)
  Blork the orc (D:5)
  A water moccasin zombie (D:5)
  2 wights (D:8)
  A bullfrog zombie (D:5)
  An orc wizard (D:8)
10 creatures vanquished.

Vanquished Creatures (others)
  5 fungi (Lair:1)
  2 plants
7 creatures vanquished.

Grand Total: 282 creatures vanquished

Notes
Turn   | Place    | Note
-------+----------+-------------------------------------------
     0 | D:1      | SSird the Formicid Fighter began the quest for the Orb.
     0 | D:1      | Reached XP level 1. HP: 18/18 MP: 1/1
   303 | D:1      | Reached XP level 2. HP: 22/24 MP: 2/2
   562 | D:1      | Reached skill level 3 in Axes
   685 | D:1      | Reached XP level 3. HP: 29/29 MP: 3/3
  1128 | D:2      | Found a faded altar of an unknown god.
  1440 | D:2      | Prayed at the altar of an unknown god.
  1440 | D:2      | Became a worshipper of Nemelex Xobeh the Trickster
  1440 | D:2      | Reached * piety under Nemelex Xobeh
  1440 | D:2      | Received a gift from Nemelex Xobeh
  1483 | D:2      | Found a radiant altar of Vehumet.
  1682 | D:3      | Reached XP level 4. HP: 28/35 MP: 4/4
  1693 | D:3      | Reached skill level 4 in Axes
  1802 | D:3      | Reached skill level 1 in Dodging
  1991 | D:3      | Reached XP level 5. HP: 30/41 MP: 5/5
  2013 | D:3      | Received a gift from Nemelex Xobeh
  2031 | D:3      | Found a glowing drain.
  2043 | Sewer    | Entered a sewer
  2192 | Sewer    | Noticed Pargi
  2198 | Sewer    | Killed Pargi
  2199 | Sewer    | Reached skill level 5 in Axes
  2199 | Sewer    | Reached XP level 6. HP: 47/47 MP: 6/6
  2683 | D:4      | Reached ** piety under Nemelex Xobeh
  2856 | D:4      | Noticed a black bear
  2872 | D:4      | Killed a black bear
  2873 | D:4      | Reached skill level 6 in Axes
  2873 | D:4      | Reached skill level 1 in Stealth
  2877 | D:4      | Reached XP level 7. HP: 11/52 MP: 7/7
  3549 | D:4      | Found a broken altar of Ashenzari.
  3765 | D:5      | Entered Level 5 of the Dungeon
  3771 | D:5      | Noticed Menkaure
  3779 | D:5      | Killed Menkaure
  3780 | D:5      | Reached skill level 1 in Invocations
  4060 | D:5      | Reached skill level 7 in Axes
  4194 | D:5      | Found a runed translucent gate.
  4194 | D:5      | Found a runed translucent gate.
  4195 | D:5      | Found a runed translucent gate.
  4195 | D:5      | Noticed Lremus's ghost (amateur HOFi)
  4389 | D:5      | Noticed Blork the orc
  4392 | D:5      | Killed Blork the orc
  4393 | D:5      | Reached XP level 8. HP: 58/58 MP: 8/10
  4716 | D:5      | Noticed Sigmund
  4723 | D:5      | Killed Sigmund
  4724 | D:5      | Reached skill level 8 in Axes
  4908 | D:5      | Killed Lremus's ghost
  4909 | D:5      | Reached skill level 9 in Axes
  5075 | D:6      | Received a gift from Nemelex Xobeh
  5251 | D:6      | Reached skill level 5 in Invocations
  5343 | D:6      | Reached XP level 9. HP: 45/64 MP: 12/12
  5455 | D:6      | Reached *** piety under Nemelex Xobeh
  5801 | D:6      | HP: 3/64 [poisoned by a gnoll bouda]
  6426 | D:7      | Found Unosoc's Weapon Emporium.
  6458 | D:7      | Reached skill level 10 in Axes
  6599 | D:7      | Found a staircase to the Ecumenical Temple.
  6687 | D:7      | Reached skill level 11 in Axes
  6860 | D:7      | Received a gift from Nemelex Xobeh
  7222 | D:8      | Found Yrpheton's Jewellery Emporium.
  7227 | D:8      | Bought the ring of Orheiled {rPois rF+ Int+2 Stlth-} for
                  | 515 gold pieces
  7304 | D:8      | Reached skill level 12 in Axes
  7306 | D:8      | Reached XP level 10. HP: 16/70 MP: 13/13
  7312 | D:8      | HP: 2/70 [wight/+0 long sword (4)]
  7330 | D:8      | Reached skill level 13 in Axes
  7699 | D:8      | Gained mutation: Your spells are a little harder to cast,
                  | but a little more powerful. [potion of mutation]
  7699 | D:8      | Gained mutation: Your muscles are strong. (Str +4, Int/Dex
                  | -1) [potion of mutation]
  7830 | D:8      | Noticed a two-headed ogre
  7834 | D:8      | Noticed an orb spider
  7834 | D:8      | a two-headed ogre changed into an orb spider
  7841 | D:8      | Killed an orb spider
  7928 | D:8      | Noticed a manticore
  7935 | D:8      | Killed a manticore
  7936 | D:8      | Reached skill level 14 in Axes
  8189 | D:8      | Reached **** piety under Nemelex Xobeh
  8205 | D:8      | Found a staircase to the Lair.
  8231 | D:8      | Identified the +8 shortbow of the Stopping Hawk {vorpal,
                  | rElec Will+ Str+6}
  8763 | D:8      | HP: 1/71 [yak (7)]
  8764 | D:8      | Reached XP level 11. HP: 2/77 MP: 14/14
  9009 | Lair:1   | Entered Level 1 of the Lair of Beasts
  9605 | Lair:1   | Reached skill level 5 in Fighting
  9605 | Lair:1   | Reached skill level 5 in Armour
 10119 | Lair:1   | Noticed an elephant
 10141 | Lair:1   | Killed an elephant
 10214 | Lair:1   | Noticed an elephant
 10217 | Lair:1   | Noticed an elephant
 10362 | Lair:1   | Killed an elephant
 10362 | Lair:1   | Noticed an elephant
 10364 | Lair:1   | Killed an elephant
 10567 | Lair:1   | Killed an elephant
 10668 | Lair:1   | HP: 1/81 [cane toad (17)]
 10985 | Lair:1   | Noticed a five-headed hydra
 11126 | D:9      | Received a gift from Nemelex Xobeh
 11156 | D:9      | Found a staircase to the Orcish Mines.
 11221 | D:9      | Reached skill level 5 in Dodging
 11304 | D:9      | Found a stormy altar of Qazlal.
 11504 | D:9      | Reached XP level 12. HP: 85/89 MP: 15/15
 11694 | D:9      | Found a hazy altar of Hepliaklqana.
 11963 | D:9      | Reached skill level 15 in Axes
 12071 | Orc:1    | Entered Level 1 of the Orcish Mines
 12683 | Orc:2    | Entered Level 2 of the Orcish Mines
 13080 | Orc:2    | Found a staircase to the Elven Halls.
 13130 | Orc:2    | Found Piuroala's Weapon Shoppe.
 13149 | Orc:2    | Reached ***** piety under Nemelex Xobeh
 13149 | Orc:2    | Received a gift from Nemelex Xobeh
 13221 | Orc:2    | Found Ylelud's Assorted Antiques.
 13228 | Orc:2    | HP: 4/89 [orc/+0 falchion (9)]
 13740 | Orc:2    | HP: 2/90 [orc warrior/+0 flail (21)]
 13741 | Orc:2    | Mangled by an orc knight

Illustrated notes

Levels and vault maps discovered:
D:1:      lightli_arrival_maybe_door_vault, layout_basic
D:2:      layout_rooms, shapermc_ecumenical_altar_totnotflames, basic_altar,
          kennysheep_generic_room_3
D:3:      layout_basic, cheibrodos_sewer_entry_bend
D:4:      nicolae_cairo_tiling_large_dashed, layout_gridville,
          ashenzari_conservatory_becter, serial_park_tiny_1,
          hangedman_abyss_or_decor_passed, minmay_liquid_box,
          grunt_decor_fettered
D:5:      layout_loops_cross, gammafunk_ghost_necromancy,
          minmay_misc_feat_square, uniq_blork_the_orc, uniq_sigmund,
          uniq_menkaure
D:6:      layout_basic
D:7:      layout_cave_pools, temple_pool_b, serial_shops,
          nicolae_shop_advertising_works [nicolae_subvault_shop_adworks],
          hangedman_decor_diamond_cutter, grunt_tough_drop
D:8:      layout_loops_cross, erik_lair_orcish_takeover, serial_shops, shop
D:9:      layout_rooms, lemuel_round_altar, nicolae_qazlal_scattered_showers,
          zombieorc2_lemuel
Lair:1:   layout_regular_city, fungi_pond_lemuel, grunt_megastairs_5
Orc:1:    layout_diamond_mine
Orc:2:    st_orc_town, layout_caves, serial_shops, nicolae_square_shop

Skill      XL: |  1  2  3  4  5  6  7  8  9 10 11 12 |
---------------+-------------------------------------+-----
Axes           | 3 4 5 6 7 9 12 14 15 | 15.2
Dodging        | 1 2 5 6 |  6.0
Stealth        | 1 |  1.0
Invocations    | 2 5 |  5.0
Fighting       | 4 6 7 |  7.6
Armour         | 4 6 7 |  7.6
Shields        | |  4.0

Action                   |  1- 3 |  4- 6 |  7- 9 | 10-12 || total
-------------------------+-------+-------+-------+-------++-------
Melee: War axe           |    96 |    92 |    70 |       ||   258
       Battleaxe         |       |       |    99 |   308 ||   407
 Fire: Shortbow          |       |       |       |     6 ||     6
Invok: Draw Destruction  |       |     6 |     2 |     7 ||    15
       Draw Summoning    |       |       |     3 |     2 ||     5
       Draw Escape       |       |       |       |     3 ||     3
       Triple Draw       |       |       |       |     1 ||     1
 Abil: Dig               |     2 |       |       |     1 ||     3
  Use: Scroll            |       |       |       |    22 ||    22
       Potion            |       |       |       |     9 ||     9
 Stab: Petrified         |       |       |     2 |       ||     2
Armor: Scale mail        |    54 |    58 |    57 |    78 ||   247
Dodge: Dodged            |    38 |    54 |    83 |   169 ||   344
Block: Buckler           |    31 |    32 |    54 |    83 ||   200
